 Dungeon Crawl Stone Soup version 0.22.1 (webtiles) character file.

103 PaladinM the Slasher (level 5, -5/38 HPs)
             Began as a Human Warper on Sept 17, 2018.
             Slain by a river rat (8 damage)
             ... on level 3 of the Dungeon.
             The game lasted 00:04:35 (1752 turns).

PaladinM the Slasher (Human Warper)                 Turns: 1752, Time: 00:04:36

Health: -5/38      AC:  3    Str: 12    XL:     5   Next: 6%
Magic:  4/8        EV: 12    Int: 13    God:
Gold:   52         SH:  0    Dex: 13    Spells: 4/8 levels left

rFire    . . .     SeeInvis .   a - +0 falchion
rCold    . . .     Gourm    .   (no shield)
rNeg     . . .     Faith    .   b - +0 leather armour
rPois    .         Spirit   .   (no helmet)
rElec    .         Reflect  .   (no cloak)
rCorr    .         Harm     .   (no gloves)
MR       .....                  (no boots)
Stlth    +.........             (no amulet)
HPRegen  0.12/turn              (no ring)
MPRegen  0.11/turn              (no ring)

@: very slightly contaminated, very slow
A: no striking features
a: no special abilities


You were on level 3 of the Dungeon.
You were very hungry.

You visited 1 branch of the dungeon, and saw 3 of its levels.

You collected 52 gold pieces.

Inventory:

Hand Weapons
 a - a +0 falchion (weapon)
Missiles
 e - 5 tomahawks of dispersal (quivered)
Armour
 b - a +0 leather armour (worn)
Scrolls
 c - a scroll of immolation {unknown}
 d - a scroll of blinking
 h - a scroll of amnesia {unknown}
 i - a scroll of remove curse {unknown}
 j - a scroll of teleportation
 l - a scroll of magic mapping {unknown}
Potions
 g - a potion of berserk rage {unknown}
 k - a potion of resistance {unknown}
 m - a potion of curing
Comestibles
 f - 3 rations


   Skills:
 - Level 2.0 Fighting
 + Level 4.8 Long Blades
 - Level 1.0 Throwing
 - Level 1.0 Armour
 - Level 2.0 Dodging
 - Level 2.0 Spellcasting
 - Level 3.0 Translocations


You had 4 spell levels left.
You knew the following spells:

 Your Spells              Type           Power        Failure   Level  Hunger
a - Shroud of Golubria    Chrm/Tloc      #.........   26%         2    ###....
b - Blink                 Tloc           N/A          14%         2    ###....

Your spell library contained the following spells:

 Spells                   Type           Power        Failure   Level  Hunger
 Gell's Gravitas          Tloc           #.........   28%         3    ####...
 Lesser Beckoning         Tloc           #.........   28%         3    ####...
 Teleport Other           Tloc           #.......     28%         3    ####...
 Passage of Golubria      Tloc           N/A          67%         4    #####..


Dungeon Overview and Level Annotations

Branches:
Dungeon (3/15)

Altars:
Okawaru

Portals:
Sewer: D:3

Annotations:
D:2 Sigmund


Message History

Your unstable footing causes you to fumble your attack.
It was a potion of curing.
You feel better. The river rat barely misses you.
Casting: Shroud of Golubria (safe; 26% risk of failure)
Confirm with . or Enter, or press ? or * to list all spells.
You miscast Shroud of Golubria.
You are very lightly contaminated with residual magic.
Your hands glow momentarily.
You are feeling very hungry.
The river rat bites you but does no damage.
Casting: Shroud of Golubria (safe; 26% risk of failure)
Confirm with . or Enter, or press ? or * to list all spells.
You miscast Shroud of Golubria.
Strange energies run through your body. The river rat bites you.
* * * LOW HITPOINT WARNING * * *
The river rat bites you but does no damage.
The river rat misses you.
You riposte.
You barely miss the river rat. The river rat bites you.
* * * LOW HITPOINT WARNING * * *
The river rat bites you!
You die...

...........#######
.................#
.................#
.............)...#
.................#
.................#
####..####.......#
##≈≈####≈≈##......#
#≈≈≈≈≈≈@≈≈≈#......#
##≈≈####r≈##......#
#≈##≈≈##≈#.......#
#≈#≈∩≈≈≈≈#.......#
#≈#≈≈≈≈≈≈#.......#
#≈##≈≈####.......#
##≈≈####≈≈##†######
#≈≈≈≈≈≈≈≈≈≈..#
##≈≈####≈≈####


You could see a river rat.

Vanquished Creatures
  A gnoll (D:2)
  A river rat (D:3)
  2 worms (D:3)
  4 dart slugs
  2 leopard geckos
  An orc (D:2)
  2 ball pythons
  4 bats (D:1)
  4 giant cockroaches
  12 goblins
  8 hobgoblins
  3 jackals (D:2)
  7 frilled lizards
  6 kobolds
  9 rats
66 creatures vanquished.

Notes
Turn   | Place    | Note
-------+----------+-------------------------------------------
     0 | D:1      | PaladinM the Human Warper began the quest for the Orb.
     0 | D:1      | Reached XP level 1. HP: 16/16 MP: 3/3
   222 | D:1      | Reached XP level 2. HP: 19/22 MP: 5/5
   380 | D:1      | Reached skill level 3 in Long Blades
   458 | D:1      | Reached XP level 3. HP: 14/27 MP: 6/6
   574 | D:1      | Learned a level 2 spell: Shroud of Golubria
   577 | D:1      | Learned a level 2 spell: Blink
  1202 | D:2      | Reached skill level 4 in Long Blades
  1202 | D:2      | Reached XP level 4. HP: 14/33 MP: 4/7
  1365 | D:2      | Found an iron altar of Okawaru.
  1474 | D:2      | Noticed Sigmund
  1711 | D:3      | Reached XP level 5. HP: 7/38 MP: 3/8
  1742 | D:3      | Found a glowing drain.
  1752 | D:3      | Slain by a river rat

Skill      XL: |  1  2  3 |
---------------+----------+-----
Long Blades    | 3 4 |  4.8
Fighting       | |  2.0
Throwing       | |  1.0
Armour         | |  1.0
Dodging        | |  2.0
Spellcasting   | |  2.0
Translocations | |  3.0

Action                   |  1- 3 |  4- 6 || total
-------------------------+-------+-------++-------
Melee: Falchion          |   119 |    96 ||   215
 Cast: Shroud of Golubri |     2 |     7 ||     9
  Use: Scroll            |       |     1 ||     1
       Potion            |       |     1 ||     1
  Eat: Chunk             |       |     3 ||     3
Armor: Leather armour    |    40 |    14 ||    54
Dodge: Dodged            |    93 |    62 ||   155
       Rpst.: Falchion   |    32 |    16 ||    48
